AoeStats
← Fanda

Arabia

509176147Analyzed
1v1 RM · 6d ago on Sep 25, 2026· 46m 32s· 2 players
Game mode
Random Map
Map size
Tiny (2 player)
Population
200
Speed
Normal
Resources
Standard
Victory
Conquest
Starting age
Dark Age
Ending age
Imperial Age
RankedLock teamsTeams togetherTeam positionsShared explorationLock speedFull tech treeHidden civsTurbo modeCheats
Victory
Defeat
🇦🇷 Magyars · Argentina
942
+16
🇨🇿 Mongols · Czechia
952
-16
Shini
3:11 Loom
10:35 Feudal Age
12:55 Town Watch
13:48 Wheelbarrow
17:49 Double-Bit Axe
17:48 Horse Collar
21:27 Castle Age
19:29 Gold Mining
20:14 Town Watch
20:50 Bloodlines
21:07 Scale Barding Armor
20:57 Fletching
21:11 Stone Mining
22:35 Hand Cart
22:40 Husbandry
22:23 Light Cavalry
27:01 Chain Barding Armor
28:01 Bow Saw
29:31 Corvinian Army
31:27 Town Patrol
34:18 Imperial Age
34:28 Heavy Plow
34:20 Elite Magyar Huszar
35:53 Conscription
35:45 Murder Holes
35:32 Treadmill Crane
38:09 Parthian Tactics
39:58 Padded Archer Armor
39:53 Bodkin Arrow
40:40 Thumb Ring
42:37 Leather Archer Armor
42:22 Bracer
43:01 Ballistics
42:47 Heavy Cavalry Archer
44:08 Ring Archer Armor
45:26 Plate Barding Armor
44:52 Bracer
47:40 Chemistry
Fanda
8:44 Feudal Age
10:05 Double-Bit Axe
20:06 Castle Age
20:21 Wheelbarrow
19:32 Loom
20:03 Scale Barding Armor
20:17 Forging
20:11 Horse Collar
22:34 Gold Mining
24:59 Hand Cart
25:00 Bow Saw
32:41 Imperial Age
30:04 Town Watch
32:10 Chain Barding Armor
32:26 Iron Casting
33:05 Town Patrol
34:17 Heavy Camel Rider
36:35 Gold Shaft Mining
35:52 Stone Mining
38:26 Blast Furnace
40:29 Masonry
40:25 Siege Engineers
43:13 Fletching
45:08 Bodkin Arrow
45:14 Padded Archer Armor
Connection lost

Rejoining the realm…

Still unreachable

The connection could not be restored.

Session expired

The server has moved on; the page needs a fresh start.